Dungeon Sprint DCSS version 0.23-a0-393-g6e9e0f2 (webtiles) character file.

12700000 Garbasso the Axe Maniac (level 27, -249/321 (323) HPs) Began as an Ogre Gladiator on Oct 28, 2018. Was the Champion of Makhleb. Annihilated by a fleshlord ... wielding a +9 great mace (391 damage) ... in the Dungeon (Sprint VIII: "Arena of Blood") on Oct 31, 2018. The game lasted 00:17:26 (127 turns). Garbasso the Axe Maniac (Ogre Gladiator) Turns: 127, Time: 00:17:27 HP: -249/321 (323)AC: 5 Str: 27 XL: 27 MP: 47/54 EV: 31 Int: 9 God: Makhleb [******] Gold: 0 SH: 0 Dex: 18 Spells: 80/80 levels left rFire . . . SeeInvis + l - +∞ Axe of Woe rCold . . . Gourm . (shield currently unavailable) rNeg . . . Faith . b - +0 robe rPois . Spirit . c - +0 hat rElec . Reflect . (no cloak) rCorr . Harm . (gloves unavailable) MR ++... NoTele + (boots unavailable) Stlth +++++++++. (no amulet) HPRegen 0.63/turn m - ring of see invisible MPRegen 0.34/turn (no ring) @: no status effects A: large, unfitting armour, tough skin 1 a: Minor Destruction, Lesser Servant of Makhleb, Major Destruction, Greater Servant of Makhleb, Renounce Religion You were in the Dungeon. You worshipped Makhleb. Makhleb was exalted by your worship. You were not hungry. You visited 1 branch

Inventory:

Hand Weapons
 a - a +0 war axe
 l - the +∞ Axe of Woe (weapon)
   (You found it in the Dungeon)
Missiles
 d - 3 throwing nets (quivered) {=f}
Armour
 b - a +0 robe (worn)
 c - a +0 hat (worn)
Jewellery
 m - a ring of see invisible (left hand)
Scrolls
 k - a scroll of blinking
Potions
 e - a potion of curing
 g - a potion of heal wounds
 h - a potion of haste
 i - 2 potions of magic
 j - a potion of berserk rage
Comestibles
 f - a ration


   Skills:
 O Level 27 Fighting
 O Level 27 Short Blades
 O Level 27 Long Blades
 O Level 27 Axes
 O Level 27 Maces & Flails
 O Level 27 Polearms
 O Level 27 Staves
 O Level 27 Throwing
 O Level 27 Armour
 O Level 27 Dodging
 O Level 27 Stealth
 O Level 27 Shields
 O Level 27 Unarmed Combat
 O Level 27 Spellcasting
 O Level 27 Conjurations
 O Level 27 Hexes
 O Level 27 Charms
 O Level 27 Summonings
 O Level 27 Necromancy
 O Level 27 Translocations
 O Level 27 Transmutations
 O Level 27 Fire Magic
 O Level 27 Ice Magic
 O Level 27 Air Magic
 O Level 27 Earth Magic
 O Level 27 Poison Magic
 O Level 27 Invocations
 O Level 27 Evocations


You had 80 spell levels left.
You didn't know any spells.
Your spell library was empty.

Dungeon Overview and Level Annotations

Branches:
Dungeon (1/1)

Altars:
Makhleb


Innate Abilities, Weirdness & Mutations

You are too large for most types of armour.
You have tough skin. (AC +1)


Message History

A meat berserker comes into view. It is wielding a +9 battleaxe.
You hear a shout! x3
The fleshlord shouts!
You hit the small abomination but do no damage.
You fatally mangle the small abomination.
You destroy the small abomination!
Makhleb accepts your kill.
You feel better.
You hear a shout! x3
The fleshlord casts a spell.
The fleshlord seems to speed up.
You hear a roar!
Okay, then.
You aren't carrying any items that you can evoke.
That item cannot be evoked!
An accursed comes into view.
You hear a shout! x2
The fleshlord hits you with a +9 great mace!!!!!!
Ouch! That really hurt!
You die...

################
####......§.§......
##........))).......
........)##§##.#####
..........D........
...####.@)..##.##z...
#.....xpV...........
..#..%.......#.#......
#oS.)))..).........#
#...#....))))..........
....O#...)).)..........
.........)))p)%.......
.M..M.......))........
#oo......#...)%))#...


You could see an accursed (wandering), an eight-headed meat hydra, a destroyer,
a scourge, 2 fleshlords, a meat berserker (berserk), a small abomination and a
bag of meat.

Vanquished Creatures
  5 great orbs of eyes (D)
  5 wraiths (D)
  A hydra (D)
  4 hell beasts (D)
  5 greater mummies (D)
  62 orcs (D)
  4 phantoms (D)
  5 skeletal warriors (D)
  A sea snake (D)
  Harold (D)
  8 small abominations (D)
  7 large abominations (D)
  9 crawling corpses (D)
  12 vampire knights (D)
  25 ogres (D)
  4 two-headed ogres (D)
  6 liches (D)
164 creatures vanquished.

Vanquished Creatures (others)
  2 crawling corpses (D)
2 creatures vanquished.

Grand Total: 166 creatures vanquished

Notes
Turn   | Place    | Note
-------+----------+-------------------------------------------
     0 | D        | Found the +∞ Axe of Woe
     0 | D        | Garbasso the Ogre Gladiator began the quest for the Orb.
     0 | D        | Reached XP level 1. HP: 22/22 MP: 1/1
     4 | D        | Became a worshipper of Makhleb the Destroyer
     5 | D        | Noticed a bag of meat
     5 | D        | Noticed a bag of meat
     6 | D        | Noticed a bag of meat
     6 | D        | Noticed a meat berserker
     6 | D        | Noticed a meat berserker
     6 | D        | Noticed a bag of meat
     8 | D        | Killed a bag of meat
     8 | D        | Reached XP level 2. HP: 62/62 MP: 2/2
     8 | D        | Reached XP level 3. HP: 70/70 MP: 3/3
     8 | D        | Reached XP level 4. HP: 80/80 MP: 4/4
     8 | D        | Reached XP level 5. HP: 88/88 MP: 5/5
     8 | D        | Reached XP level 6. HP: 97/97 MP: 6/6
     8 | D        | Reached XP level 7. HP: 106/106 MP: 7/7
     8 | D        | Reached XP level 8. HP: 115/115 MP: 8/8
     8 | D        | Reached XP level 9. HP: 123/123 MP: 9/9
     8 | D        | Reached XP level 10. HP: 133/133 MP: 10/10
     8 | D        | Reached XP level 11. HP: 141/141 MP: 11/11
     8 | D        | Reached XP level 12. HP: 150/150 MP: 12/12
     8 | D        | Noticed a bag of meat
     8 | D        | Noticed a bag of meat
     9 | D        | Killed a meat berserker
     9 | D        | Reached * piety under Makhleb
     9 | D        | Reached XP level 13. HP: 172/172 MP: 13/13
     9 | D        | Reached XP level 14. HP: 183/183 MP: 14/14
     9 | D        | Killed a bag of meat
     9 | D        | Killed a bag of meat
     9 | D        | Reached XP level 15. HP: 200/200 MP: 15/15
     9 | D        | Killed a meat berserker
     9 | D        | Reached ** piety under Makhleb
     9 | D        | Reached skill level 27 in Fighting
     9 | D        | Reached skill level 27 in Axes
     9 | D        | Reached XP level 16. HP: 217/217 MP: 16/16
    10 | D        | Noticed a meat berserker
    10 | D        | Noticed a meat berserker
    12 | D        | Noticed a meat berserker
    13 | D        | Reached skill level 10 in Armour
    14 | D        | Noticed a large bag of meat
    15 | D        | Reached *** piety under Makhleb
    15 | D        | Reached skill level 15 in Invocations
    15 | D        | Reached XP level 17. HP: 226/226 MP: 16/28
    16 | D        | Noticed a meat berserker
    17 | D        | Killed a meat berserker
    17 | D        | Reached skill level 15 in Armour
    17 | D        | Killed a meat berserker
    17 | D        | Reached skill level 27 in Dodging
    17 | D        | Reached XP level 18. HP: 234/236 MP: 16/33
    17 | D        | Reached **** piety under Makhleb
    17 | D        | Killed a meat berserker
    17 | D        | Reached skill level 27 in Invocations
    17 | D        | Reached XP level 19. HP: 245/245 MP: 16/36
    18 | D        | Reached ***** piety under Makhleb
    18 | D        | Noticed a meat berserker
    19 | D        | Reached skill level 27 in Armour
    19 | D        | Reached skill level 5 in Unarmed Combat
    19 | D        | Reached skill level 10 in Stealth
    19 | D        | Noticed a meat berserker
    20 | D        | Reached skill level 10 in Unarmed Combat
    20 | D        | Reached XP level 20. HP: 256/256 MP: 17/37
    21 | D        | Killed a large bag of meat
    21 | D        | Reached skill level 15 in Spellcasting
    21 | D        | Reached skill level 15 in Throwing
    21 | D        | Reached skill level 15 in Unarmed Combat
    21 | D        | Reached XP level 21. HP: 265/265 MP: 17/43
    22 | D        | Killed a meat berserker
    23 | D        | Reached ****** piety under Makhleb
    23 | D        | Reached XP level 22. HP: 275/275 MP: 17/48
    26 | D        | Noticed a large bag of meat
    27 | D        | Reached skill level 27 in Stealth
    27 | D        | Reached skill level 27 in Spellcasting
    27 | D        | Reached XP level 23. HP: 284/284 MP: 19/54
    27 | D        | Reached skill level 27 in Throwing
    29 | D        | Noticed a destroyer
    29 | D        | Noticed The Servant
    30 | D        | Reached skill level 27 in Unarmed Combat
    33 | D        | Killed The Servant
    33 | D        | Reached XP level 24. HP: 214/295 MP: 20/54
    34 | D        | Killed a destroyer
    34 | D        | Noticed a destroyer
    35 | D        | Killed a large bag of meat
    35 | D        | Reached XP level 25. HP: 304/304 MP: 21/54
    36 | D        | Noticed a destroyer
    37 | D        | Killed a destroyer
    37 | D        | Killed a destroyer
    38 | D        | Reached XP level 26. HP: 314/314 MP: 22/54
    38 | D        | Noticed a destroyer
    41 | D        | Killed a destroyer
    41 | D        | Reached XP level 27. HP: 323/323 MP: 22/54
    41 | D        | Noticed a destroyer
    42 | D        | Noticed a destroyer
    42 | D        | Noticed a destroyer
    43 | D        | Killed a destroyer
    45 | D        | Noticed an accursed
    47 | D        | Killed a destroyer
    48 | D        | Noticed a destroyer
    49 | D        | Killed an accursed
    50 | D        | Noticed a destroyer
    50 | D        | Noticed a tyrant
    50 | D        | Noticed a tyrant
    51 | D        | Killed a destroyer
    54 | D        | Killed a tyrant
    55 | D        | Killed a destroyer
    56 | D        | Killed a destroyer
    60 | D        | Noticed a meat beast
    61 | D        | Noticed a large bag of meat
    62 | D        | Killed a meat beast
    63 | D        | Killed a tyrant
    63 | D        | Noticed a destroyer
    65 | D        | Noticed a meat beast
    66 | D        | Noticed a meat beast
    67 | D        | Killed a large bag of meat
    68 | D        | Noticed a dread
    68 | D        | Noticed a dread
    68 | D        | Noticed a tyrant
    68 | D        | Noticed a tyrant
    70 | D        | Killed a meat beast
    70 | D        | Noticed a dread
    71 | D        | Killed a meat beast
    73 | D        | Reached skill level 27 in Short Blades
    73 | D        | Reached skill level 27 in Long Blades
    73 | D        | Reached skill level 27 in Maces & Flails
    73 | D        | Reached skill level 27 in Polearms
    73 | D        | Reached skill level 27 in Staves
    73 | D        | Reached skill level 27 in Shields
    73 | D        | Reached skill level 27 in Conjurations
    73 | D        | Reached skill level 27 in Hexes
    73 | D        | Reached skill level 27 in Charms
    73 | D        | Reached skill level 27 in Summonings
    73 | D        | Reached skill level 27 in Necromancy
    73 | D        | Reached skill level 27 in Translocations
    73 | D        | Reached skill level 27 in Transmutations
    73 | D        | Reached skill level 27 in Fire Magic
    73 | D        | Reached skill level 27 in Ice Magic
    73 | D        | Reached skill level 27 in Air Magic
    73 | D        | Reached skill level 27 in Earth Magic
    73 | D        | Reached skill level 27 in Poison Magic
    73 | D        | Reached skill level 27 in Evocations
    73 | D        | Upgraded the game from 0.23-a0-386-g9c9d49f to
                  | 0.23-a0-393-g6e9e0f2
    75 | D        | Noticed a destroyer
    76 | D        | Killed a destroyer
    76 | D        | Killed a dread
    76 | D        | Killed a tyrant
    79 | D        | Killed a tyrant
    79 | D        | Killed a dread
    81 | D        | Killed a dread
    82 | D        | Killed a destroyer
    82 | D        | Noticed a tyrant
    84 | D        | Noticed a destroyer
    85 | D        | Noticed a large bag of meat
    85 | D        | Noticed an accursed
    85 | D        | Noticed a meat beast
    88 | D        | Killed a meat beast
    89 | D        | Noticed a dread
    90 | D        | Noticed a tyrant
    92 | D        | Killed a tyrant
    94 | D        | Noticed an accursed
    94 | D        | Noticed an accursed
    95 | D        | Killed a tyrant
    96 | D        | Noticed an accursed
   100 | D        | Killed an accursed
   102 | D        | Killed an accursed
   102 | D        | Killed a destroyer
   103 | D        | HP: 12/321 [accursed/divine providence (13)]
   108 | D        | Killed a large bag of meat
   111 | D        | Noticed a dread
   112 | D        | Killed an accursed
   118 | D        | Killed an accursed
   118 | D        | Killed a dread
   118 | D        | Killed a dread
   119 | D        | Noticed a fleshlord
   122 | D        | Noticed a destroyer
   125 | D        | Noticed a fleshlord
   127 | D        | Noticed an accursed
   127 | D        | Annihilated by a fleshlord

Vault maps used:
D:        meatsprint

Skill      XL: |  1  2  3  4  5  6  7  8  9 10 11 12 13 14 15 16 17 18 19 20 21 22 23 24 25 26 27 |
---------------+----------------------------------------------------------------------------------+-----
Fighting       | 18 22 25 27 | 27.0
Axes           | 19 24 26 27 | 27.0
Dodging        | 13 17 19 23 25 27 | 27.0
Armour         | 12 18 24 27 | 27.0
Invocations    | 15 23 27 | 27.0
Throwing       | 11 17 21 26 27 | 27.0
Stealth        | 13 19 24 27 | 27.0
Unarmed Combat | 10 16 19 24 27 | 27.0
Spellcasting   | 12 18 22 27 | 27.0
Short Blades   | 27 | 27.0
Long Blades    | 27 | 27.0
Maces & Flails | 27 | 27.0
Polearms       | 27 | 27.0
Staves         | 27 | 27.0
Shields        | 27 | 27.0
Conjurations   | 27 | 27.0
Hexes          | 27 | 27.0
Charms         | 27 | 27.0
Summonings     | 27 | 27.0
Necromancy     | 27 | 27.0
Translocations | 27 | 27.0
Transmutations | 27 | 27.0
Fire Magic     | 27 | 27.0
Ice Magic      | 27 | 27.0
Air Magic      | 27 | 27.0
Earth Magic    | 27 | 27.0
Poison Magic   | 27 | 27.0
Evocations     | 27 | 27.0

Action                   |  1- 3 |  4- 6 |  7- 9 | 10-12 | 13-15 | 16-18 | 19-21 | 22-24 | 25-27 || total
-------------------------+-------+-------+-------+-------+-------+-------+-------+-------+-------++-------
Melee: Executioner's axe |     1 |       |       |     1 |       |     4 |     6 |     7 |    59 ||    78
Invok: Greater Servant o |       |       |       |       |       |       |       |       |     3 ||     3
       Major Destruction |       |       |       |       |       |       |       |       |     1 ||     1
 Stab: Distracted        |       |       |       |       |       |       |       |       |     1 ||     1
Armor: Robe              |       |       |       |       |       |       |       |       |     2 ||     2
Dodge: Dodged            |       |       |       |     1 |       |       |       |       |    11 ||    12

Table legend:
 A = Non-vault XP
 B = Vault XP
 C = Vault XP percentage of total XP
 D = Non-vault monster count
 E = Vault monster count
 F = Vault count percentage of total count
                 A         B        C        D         E       F
            +---------+---------+-------+---------+---------+-------
      Total | 3412309 | 1162664 |  25.4 |      90 |      65 |  41.9
            +---------+---------+-------+---------+---------+-------
          D | 3412309 | 1162664 |  25.4 |      90 |      65 |  41.9
            +---------+---------+-------+---------+---------+-------
